 Dungeon Crawl Stone Soup version 0.25-a0-566-g062765be81 (webtiles) character file.

Game seed: 3775743329894900871, levelgen mode: deterministic

429 Flugslaktarn the Chopper (level 6, -14/56 HPs)
             Began as a Minotaur Fighter on Feb 27, 2020.
             Was an Initiate of Gozag.
             Demolished by an ogre
             ... wielding a +0 giant spiked club
              (19 damage)
             ... on level 4 of the Dungeon.
             The game lasted 00:00:45 (1088 turns).

Flugslaktarn the Chopper (Minotaur Fighter)         Turns: 1088, Time: 00:00:45

Health: -14/56     AC:  7    Str: 23    XL:     6   Next: 66%
Magic:  5/5        EV:  7    Int:  5    God:    Gozag
Gold:   94         SH: 10    Dex:  9    Spells: 5/5 levels left

rFire    . . .     SeeInvis .   a - +0 war axe
rCold    . . .     Gourm    .   c - +0 kite shield
rNeg     . . .     Faith    .   b - +0 scale mail
rPois    .         Spirit   .   (helmet restricted)
rElec    .         Reflect  .   (no cloak)
rCorr    .         Harm     .   (no gloves)
MR       .....                  (no boots)
Stlth    ..........             (no amulet)
HPRegen  0.18/turn              (no ring)
MPRegen  0.09/turn              (no ring)

@: gold aura
A: retaliatory headbutt, horns 2
a: Potion Petition, Call Merchant, Bribe Branch, Renounce Religion


You were on level 4 of the Dungeon.
You worshipped Gozag.
Gozag was noncommittal.
You were hungry.

You visited 1 branch of the dungeon, and saw 4 of its levels.

You collected 135 gold pieces.
You paid 41 gold pieces to Gozag.

Inventory:

Hand Weapons
 a - a +0 war axe (weapon)
Armour
 b - a +0 scale mail (worn)
 c - a +0 kite shield (worn)
Scrolls
 f - a scroll of fear {unknown}
 g - 3 scrolls of teleportation {unknown}
 i - a scroll of random uselessness {unknown}
 j - 2 scrolls of remove curse {unknown}
 k - 4 scrolls of identify {unknown}
 l - a scroll of enchant weapon {unknown}
Potions
 d - a potion of might
 h - a potion of heal wounds {unknown}
 m - a potion of curing {unknown}
Comestibles
 e - 2 rations


   Skills:
 + Level 5.1 Fighting
 * Level 5.7 Axes
 + Level 5.1 Armour
 + Level 5.2 Shields


You had 5 spell levels left.
You didn't know any spells.
Your spell library was empty.

Dungeon Overview and Level Annotations

Branches:
Dungeon (4/15)
 Temple: D:4-7

Altars:
Gozag
Kikubaaqudgha
Okawaru
Yredelemnul


Innate Abilities, Weirdness & Mutations

You reflexively headbutt those who attack you in melee.
You have a pair of horns on your head.


Message History

The worker ant barely misses you. You furiously retaliate!
You headbutt the worker ant. The worker ant bites you.
Your shield and scale mail prevent you from hitting the worker ant.
You headbutt the worker ant.
You kill the worker ant!
You slash the ogre!
The ogre hits you with a +0 giant spiked club!!
An ogre is nearby!
An ogre is nearby!
You hit the ogre.
The ogre is moderately wounded.
The ogre hits you with a +0 giant spiked club!!
Ouch! That really hurt!
* * * LOW HITPOINT WARNING * * *
Unknown command.
You hit the ogre. You headbutt the ogre.
The ogre is heavily wounded.
The ogre hits you with a +0 giant spiked club!!
You die...
Your body crumbles into a pile of gold.

#..
..####....#####
#........#
#.##.###.#
#.##.# #....#
#..### #.>#
#..#####.#
#..@$....#
#.....O...####
#.#..._...#
#..._8_.##
##......#
#.......#
#.#.....##
#########


You could see an ogre.

Vanquished Creatures
  Sigmund (D:3)
  2 ogres (D:4)
  A worker ant (D:4)
  3 gnolls (D:2)
  2 adders
  An adder skeleton (D:4)
  A dart slug (D:1)
  2 leopard geckos
  An orc (D:3)
  A ball python (D:1)
  2 bats
  2 giant cockroaches (D:3)
  A hobgoblin (D:2)
  2 kobolds
  2 quokkas
  2 frilled lizards (D:2)
  2 goblins
  3 rats
31 creatures vanquished.

Notes
Turn   | Place    | Note
-------+----------+-------------------------------------------
     0 | D:1      | Flugslaktarn the Minotaur Fighter began the quest for the
                  | Orb.
     0 | D:1      | Reached XP level 1. HP: 19/19 MP: 0/0
   138 | D:2      | Reached XP level 2. HP: 27/27 MP: 1/1
   167 | D:2      | Reached XP level 3. HP: 11/33 MP: 2/2
   593 | D:3      | Found an opulent altar of Gozag.
   599 | D:3      | Became a worshipper of Gozag Ym Sagoz the Greedy
   647 | D:3      | Noticed Sigmund
   654 | D:3      | Killed Sigmund
   654 | D:3      | Reached XP level 4. HP: 35/41 MP: 3/3
   654 | D:3      | Reached XP level 5. HP: 40/47 MP: 4/4
   764 | D:4      | Reached skill level 5 in Axes
   797 | D:4      | Noticed an ogre
   802 | D:4      | Killed an ogre
   802 | D:4      | Reached skill level 5 in Shields
   802 | D:4      | Reached XP level 6. HP: 55/55 MP: 5/5
   829 | D:4      | Reached skill level 5 in Fighting
   829 | D:4      | Reached skill level 5 in Armour
  1074 | D:4      | Found a basalt altar of Yredelemnul.
  1075 | D:4      | Found an iron altar of Okawaru.
  1075 | D:4      | Found an ancient bone altar of Kikubaaqudgha.
  1088 | D:4      | Demolished by an ogre

Levels and vault maps discovered:
D:1:      evilmike_arrival_plus, layout_loops_ring, serial_co_window_serial,
          co_window_corner_a, co_window_paths_a, co_window_paths_a,
          co_window_cross_1, co_window_of_opportunity_a, co_window_paths_a,
          co_window_paths_a, co_window_broadway_a, co_window_paths_c,
          co_window_corner_b, co_window_paths_d, glass_columns_a,
          glass_columns_a, glass_columns_b, glass_columns_b, glass_columns_a
D:2:      layout_basic, first_ration
D:3:      layout_basic, grunt_gozag_statues, uniq_grinder, uniq_sigmund
D:4:      layout_loops_corners, lemuel_coloured_pillars_altar,
          nicolae_overflow_hidden_temple, elyvilon_altar_5, kennysheep_mini,
          chequers_temple_overflow_statue_of_worship, minmay_unequal

Skill      XL: |  1  2  3  4  5  6 |
---------------+-------------------+-----
Axes           | 3 4 5 |  5.7
Shields        | 4 5 |  5.2
Fighting       | 4 5 |  5.1
Armour         | 4 5 |  5.1

Action                   |  1- 3 |  4- 6 || total
-------------------------+-------+-------++-------
Melee: War axe           |    51 |    35 ||    86
       Headbutt          |     5 |     9 ||    14
Armor: Scale mail        |    20 |    10 ||    30
Dodge: Dodged            |     8 |    12 ||    20
Block: Kite shield       |    29 |    14 ||    43

Table legend:
 A = Non-vault XP
 B = Vault XP
 C = Vault XP percentage of total XP
 D = Non-vault monster count
 E = Vault monster count
 F = Vault count percentage of total count
                 A         B        C        D         E       F
            +---------+---------+-------+---------+---------+-------
      Total |     383 |     231 |  37.6 |      30 |       1 |   3.2
            +---------+---------+-------+---------+---------+-------
        D:1 |      10 |       0 |   0.0 |       5 |       0 |   0.0
        D:2 |      55 |       0 |   0.0 |      10 |       0 |   0.0
        D:3 |      30 |     231 |  88.5 |       9 |       1 |  10.0
        D:4 |     288 |       0 |   0.0 |       6 |       0 |   0.0
            +---------+---------+-------+---------+---------+-------
